AoeStats
← [GDL] Maldito Pantoja

Arena

505220981Analyzed
4v4 RM · 25d ago on Sep 8, 2026· 52m 17s· 8 players
Game mode
Random Map
Map size
Large (8 player)
Population
200
Speed
Normal
Resources
Standard
Victory
Conquest
Starting age
Dark Age
Ending age
Imperial Age
RankedLock teamsTeams togetherTeam positionsShared explorationLock speedFull tech treeHidden civsTurbo modeCheats
Victory
Defeat
🇨🇳 Franks · China
1367
+16
🇹🇼 Wei · Taiwan
1270
+20
🇨🇳 Ethiopians · China
1259
+20
🇦🇷 Britons · Argentina
1237
+21
🇹🇷 Dravidians · Türkiye
1375
-20
🇨🇦 Japanese · Canada
1366
-20
🇲🇽 Persians · Mexico
1362
-20
🇪🇸 Teutons · Spain
1308
-17
Mr.stealyoBoar
11:14 Feudal Age
11:59 Double-Bit Axe
14:49 Castle Age
13:58 Horse Collar
20:00 Loom
20:58 Fletching
21:09 Padded Archer Armor
23:56 Bodkin Arrow
24:29 Stone Mining
25:29 Ballistics
25:03 Guard Tower
25:34 Ballistics
26:04 Treadmill Crane
28:59 Masonry
29:28 Yasama
29:39 Yasama
29:58 Yasama
32:45 Imperial Age
34:11 Keep
36:58 Bracer
39:22 Chemistry
47:45 Forging
47:43 Scale Mail Armor
47:44 Man-at-Arms
48:10 Gambesons
48:25 Squires
48:11 Arson
48:35 Gold Mining
48:38 Long Swordsman
49:30 Two-Handed Swordsman
50:47 Wheelbarrow
50:37 Champion
52:15 Iron Casting
52:08 Chain Mail Armor
[GDL] Maldito Pantoja
12:11 Feudal Age
13:41 Wheelbarrow
12:52 Loom
16:26 Castle Age
14:14 Double-Bit Axe
14:11 Horse Collar
El coco
6:37 Loom
8:57 Feudal Age
10:15 Wheelbarrow
10:26 Fletching
15:11 Horse Collar
16:42 Double-Bit Axe
18:31 Town Watch
26:10 Castle Age
26:52 Bodkin Arrow
28:37 Fortified Wall
28:20 Guard Tower
31:54 Fortified Wall
36:58 Imperial Age
37:13 Bow Saw
37:36 Stone Mining
37:40 Gold Mining
41:30 Chemistry
41:32 Scale Barding Armor
40:57 Cavalier
42:53 Bloodlines
43:12 Chain Barding Armor
44:01 Two-Man Saw
43:55 Paladin
46:29 Forging
C42
10:37 Feudal Age
11:52 Double-Bit Axe
11:47 Horse Collar
15:06 Castle Age
16:26 Wheelbarrow
16:01 Bow Saw
15:52 Heavy Plow
23:54 Gold Mining
25:24 Hand Cart
28:05 Imperial Age
26:17 Stone Mining
27:25 Loom
27:25 Town Watch
29:49 Two-Man Saw
29:10 Fletching
29:43 Ballistics
29:52 Man-at-Arms
29:52 Pikeman
30:33 Squires
30:19 Arson
30:20 Gambesons
30:31 Bodkin Arrow
31:39 Chemistry
30:50 Elite Elephant Archer
31:36 Thumb Ring
33:07 Bracer
33:06 Murder Holes
33:08 Halberdier
34:10 Padded Archer Armor
34:20 Forging
34:52 Long Swordsman
35:33 Scale Mail Armor
35:49 Leather Archer Armor
35:06 Elite Urumi Swordsman
36:07 Conscription
36:45 Iron Casting
36:34 Wootz Steel
36:00 Onager
37:30 Ring Archer Armor
37:59 Hoardings
37:39 Fortified Wall
38:49 Blast Furnace
38:04 Chain Mail Armor
42:47 Plate Mail Armor
42:01 Siege Onager
48:45 Two-Handed Swordsman
50:15 Champion
11HQQQQ
11:06 Feudal Age
11:14 Feudal Age
16:09 Castle Age
14:43 Fletching
14:43 Double-Bit Axe
18:04 Bodkin Arrow
24:33 Bow Saw
24:04 Horse Collar
25:15 Padded Archer Armor
26:24 Yeomen
26:14 Heavy Plow
28:08 Leather Archer Armor
33:09 Ballistics
36:47 Imperial Age
36:55 Elite Longbowman
38:46 Chemistry
38:50 Bracer
42:56 Siege Engineers
42:47 Murder Holes
44:06 Warwolf
50:05 Ring Archer Armor
50:36 Elite Skirmisher
疫拳抄人
8:42 Feudal Age
9:16 Double-Bit Axe
9:12 Horse Collar
10:06 Loom
16:11 Castle Age
14:14 Gold Mining
14:37 Stone Mining
16:10 Wheelbarrow
18:01 Bow Saw
17:51 Heavy Plow
21:11 Town Watch
21:12 Loom
25:03 Hand Cart
26:10 Gold Shaft Mining
28:29 Imperial Age
26:14 Scale Mail Armor
27:14 Gold Shaft Mining
27:02 Forging
27:34 Stone Shaft Mining
27:49 Chain Mail Armor
26:56 Pikeman
27:36 Squires
27:22 Arson
28:35 Capped Ram
30:03 Iron Casting
28:52 Halberdier
29:26 Siege Ram
30:49 Conscription
32:17 Blast Furnace
32:56 Crop Rotation
34:01 Chemistry
33:33 Coinage
34:49 Onager
35:43 Padded Archer Armor
35:34 Fletching
35:37 Elite Tiger Cavalry
36:43 Ming Guang Armor
36:20 Tuntian
36:56 Hoardings
36:44 Scale Barding Armor
40:35 Fortified Wall
40:07 Treadmill Crane
40:04 Onager
43:40 Ballistics
43:16 Murder Holes
44:45 Man-at-Arms
45:06 Heavy Scorpion
45:24 Long Swordsman
46:12 Two-Handed Swordsman
47:11 Heavy Scorpion
49:44 Parthian Tactics
49:25 Thumb Ring
49:56 Guard Tower
51:25 Keep
51:13 Bodkin Arrow
52:43 Banking
297539664
9:42 Feudal Age
13:32 Castle Age
12:56 Double-Bit Axe
18:44 Bow Saw
18:48 Loom
25:48 Wheelbarrow
29:59 Hand Cart
32:36 Imperial Age
31:25 Padded Archer Armor
31:16 Fletching
31:50 Ballistics
32:23 Leather Archer Armor
31:58 Elite Skirmisher
32:35 Bodkin Arrow
34:38 Chemistry
34:00 Pikeman
34:40 Squires
34:25 Arson
34:53 Forging
34:43 Scale Mail Armor
38:24 Conscription
38:27 Onager
40:37 Chivalry
41:31 Scale Barding Armor
42:02 Iron Casting
41:42 Chain Mail Armor
42:12 Husbandry
41:34 Cavalier
42:44 Paladin
44:27 Chain Barding Armor
45:08 Blast Furnace
45:19 Halberdier
49:25 Plate Barding Armor
闷声蛋蛋
10:10 Feudal Age
8:56 Loom
14:38 Castle Age
13:53 Double-Bit Axe
46:08 Town Watch
47:59 Wheelbarrow
47:24 Town Patrol
47:39 Horse Collar
Connection lost

Rejoining the realm…

Still unreachable

The connection could not be restored.

Session expired

The server has moved on; the page needs a fresh start.